Priest Dude, lawful male human Priest ---------------- -------- |..............| |......-## --------- |..............| #-...)..| ##........| |..............-##############--.----- # |......<| |..............| #`#################### ##|..^....| ---.----.------- # # ------|-- ---------- ###### # # # |.[[[[)[[| ## # `### # #-@[))[)[[| ### ### # # # ###|.[[[[[[[| ## # ### # ### # |.[[@m)[[| #### ### # # ### |.)[[[d[[| # # ### # -----.-- # ---------- ### # ##-.----# |.#.....### -|---|- # |....|# |......| |......###########################` |....|# |......| |.....| #|.....# |......| |......#############################|....| |......| |.....| ------ |.....>| ------- -------- Priest Dude the Aspirant Experience level: 2 Strength: 11 Dexterity: 10 Constitution: 15 Intelligence: 9 Wisdom: 18 Charisma: 12 Health: 0(17) Energy: 26(26) Def: 5 Gold: 492 Moves: 1558 Dungeon seed: VX54vBwxrPHYMP_- Game ID: Priest Dude_1554821020 Your Inventory: Coins $ - 492 gold pieces Weapons a - a blessed +1 mace (weapon in hand) Armor e - a +0 robe (being worn) n - a +0 small shield (being worn) q - a +0 leather armor (being worn) Comestibles c - a clove of garlic d - a sprig of wolfsbane Scrolls k - a scroll of enchant armor l - a scroll of amnesia Spellbooks f - a spellbook of stone to flesh g - a spellbook of create monster j - a blessed spellbook of extra healing Potions b - 4 potions of holy water Tools o - a skeleton key Spells and supernatural/magical abilities: Name Level Category Fail Memory x - extra healing 3 healing 79% 93% O - create monster 2 clerical 0% 93% S - stone to flesh 3 healing 82% 93% W - pray for help -- divine ? -- X - turn undead -- divine ? -- Your skills at the end: Fighting Skills Weapon Skills mace [Basic] Spellcasting Skills clerical spells [Basic] Final Attributes: You were piously aligned. You are dead. Vanquished creatures: 2 giant rats 2 geckos 7 jackals a kobold a goblin 3 sewer rats 5 grid bugs 2 lichens 6 newts 29 creatures vanquished. Voluntary challenges: You were vegetarian. You used a wielded weapon 23 times, starting on turn 34. You read items or engraved 11 times, starting on turn 55. You never genocided any monsters. You never polymorphed an object. You never changed form. You used no wishes. You never split a pudding. You never wrote Elbereth's name. You never violated your personal moral code. Dungeon overview: The Dungeons of Doom: levels 1 to 3 Level 1 a sink a long staircase Level 2 a jewelry store Level 3 <- You were here an armor shop, a sink History has recorded: On T:1 you entered the Dungeons of Doom to retrieve the Amulet of Yendor! On T:458 you reached level 2 of The Dungeons of Doom. On T:897 you reached level 3 of The Dungeons of Doom. On T:969 you advanced to experience level 2. Score breakdown: Gold: 492 ( 9160 points) Experience: 2 levels ( 5570 points) Exploration: 3 levels ( 6.00%) ( 6060 points) Discoveries: 1 item ( 0.34%) ( 1740 points) Valuables value: (no points given unless you survive) Artifact value: 0 ( 0 points) Variety of kills: 9 monsters ( 2.36%) ( 4610 points) Turncount: 1558 turns ( 0 points) Survival: died (score multiplied by 80%) Total score: 21712 Latest messages: You displace your little dog. "Hello, Priest Dude! Welcome to Ermenak's used armor dealership!" You see here a crude chain mail (75 zorkmids). You see here a beaked polearm (10 zorkmids). You see here a crude bow (60 zorkmids). You see here a banded mail (90 zorkmids). You see here a plate mail (600 zorkmids). You see here a dented pot (8 zorkmids). You see here a studded leather armor (15 zorkmids). You see here a blessed bronze plate mail (400 zorkmids). You see here a studded leather armor (15 zorkmids). You see here a dented pot (8 zorkmids). You see here an elven mithril-coat (240 zorkmids). Wait! That's a small mimic! You miss the small mimic. The small mimic hits! You hit the small mimic! You hit the small mimic. (2x) You miss the small mimic. The small mimic hits! You hit the small mimic! (2x) You miss the small mimic. (2x) The small mimic hits! You die... Ermenak gratefully inherits all your possessions. Final status: Goodbye Priest Dude the Priest, killed by a small mimic... You died in The Dungeons of Doom on dungeon level 3 with 21712 points, and 492 pieces of gold, after 1558 moves. You were level 2 with a maximum of 17 hit points when you died.